Map: Mech Depot LE

Players

nivek

  • Race: Zerg Zerg
  • League: Diamond
  • Spawn Location: 7:00

AlphaPig - Winner!

  • Race: Zerg Zerg
  • League: Diamond
  • Spawn Location: 1:00

VOD

https://go.twitch.tv/videos/186074637

Description

Time

  • Played on: Oct. 28, 2017, 1:33 a.m.
  • Length: 17:03
Show
View Real Time Build Order
Export as new Build Order

nivek Zerg 

Build Orders: Hatch First, Muta Ling Bane 

Get SALT Encoding   

  12  0:01  Drone  
  13  0:10  Drone  
  14  0:19  Overlord  
  14  0:38  Drone  
  14  0:39  Drone x2  
  17  0:57  Hatchery  
  17  1:01  Drone x2  
  18  1:04  Extractor  
  17  1:20  Spawning Pool  
  17  1:21  Drone  
  17  1:32  Drone  
  18  1:37  Drone  
  19  1:48  Overlord  
  19  2:07  Queen  
  21  2:08  Zergling x4  
  21  2:10  Queen  
  21  2:13  Metabolic Boost  
  25  2:19  Drone  
  25  2:20  Drone  
  28  2:22  Drone  
  28  2:39  Baneling Nest  
  27  2:48  Zergling x2  
  28  2:58  Drone x2  
  28  2:59  Drone x3  
  33  3:11  Overlord  
  33  3:12  Overlord  
  33  3:23  Drone x3  
  36  3:35  Hatchery  
  35  3:50  Drone x5  
  35  3:51  Drone  
  41  3:55  Baneling  
  41  3:56  Baneling  
  41  3:59  Zergling x2  
  41  4:00  Zergling x4  
  44  4:06  Lair  
  44  4:07  Drone x2  
  44  4:08  Drone  
  44  4:09  Drone x2  
  49  4:11  Extractor  
  49  4:12  Extractor  
  47  4:20  Overlord  
  47  4:21  Overlord  
  47  4:25  Extractor, Drone  
  47  4:30  Overlord x2  
  47  4:46  Drone, Evolution Chamber  
  45  5:03  Drone x4  
  49  5:09  Spire, Drone, Queen  
  51  5:27  Spine Crawler  
  48  5:45  Zergling x6  
  48  5:48  Zerg Ground Armor Level 1  
  48  5:49  Drone x3  
  54  5:56  Drone x12  
  66  6:01  Zergling x2  
  67  6:10  Zergling x2  
  67  6:11  Zergling x4  
  70  6:21  Extractor  
  70  6:23  Zergling x2  
  70  6:24  Zergling x20  
  78  6:35  Mutalisk x3  
  82  6:46  Overlord  
  82  6:47  Overlord x3  
  82  6:51  Zerg Flyer Weapons Level 1  
  82  6:52  Mutalisk  
  84  7:17  Mutalisk x6  
  92  7:26  Drone  
  93  7:37  Mutalisk  
  93  7:38  Mutalisk x4  
  93  7:40  Overlord  
  93  7:41  Overlord x2  
  103  7:57  Extractor  
  102  7:59  Zerg Melee Weapons Level 1  
  102  8:00  Infestation Pit  
  102  8:03  Zergling x28  
  116  8:12  Drone  
  116  8:13  Drone  
  115  8:30  Zergling x16  
  123  8:39  Overlord  
  123  8:40  Overlord  
  123  8:46  Overlord x3  
  123  8:50  Drone x3  
  124  9:01  Hatchery  
  123  9:15  Zergling x30  
  138  9:21  Hive  
  138  9:25  Zerg Flyer Weapons Level 2  
  138  9:31  Drone x5  
  143  9:47  Baneling  
  143  9:48  Baneling x26  
  143  9:49  Baneling x8  
  143  9:55  Centrifical Hooks  
  143  10:00  Zergling x2  
  143  10:01  Zergling x28  
  158  10:08  Extractor  
  158  10:12  Extractor  
  146  10:42  Overseer x2  
  142  10:44  Pneumatized Carapace  
  142  10:45  Overseer  
  142  10:52  Spire  
  142  10:53  Drone x2, Queen  
  142  10:55  Mutalisk  
  142  10:56  Mutalisk x10  
  166  11:03  Baneling  
  166  11:04  Baneling x4  
  157  11:13  Mutalisk  
  108  11:40  Zergling x8  
  108  11:41  Zergling x32  
  124  11:57  Mutalisk x2  
  124  11:58  Mutalisk x4  
  136  12:02  Zergling x4  
  138  12:12  Baneling x2  
  138  12:13  Baneling x6  
  136  12:25  Mutalisk  
  136  12:34  Zergling x4  
  136  12:35  Zergling x26  
  151  12:51  Extractor  
  150  13:00  Overlord x2  
  150  13:01  Overlord  
  150  13:02  Baneling  
  150  13:03  Baneling x9  
  149  13:26  Zergling x14  
  149  13:27  Zergling x30  
  124  13:51  Zergling x18  
  124  13:58  Greater Spire  
  124  14:02  Mutalisk x4  
  128  14:05  Zerg Flyer Weapons Level 3  
  128  14:06  Zerg Ground Armor Level 2  
  128  14:29  Mutalisk x7  
  128  14:30  Mutalisk x2  
  138  14:32  Zergling x16  
  138  14:35  Baneling  
  138  14:36  Baneling x5  
  146  14:48  Ultralisk Cavern  
  145  15:01  Baneling x4  
  145  15:02  Baneling x8  
  145  15:05  Extractor  
  144  15:07  Hatchery  
  144  15:11  Extractor  
  141  15:40  Zergling x44  
  141  15:41  Zergling x4  
  129  15:53  Zergling x8  
  133  16:04  Baneling x17  
  133  16:05  Baneling x10  
  133  16:15  Ultralisk x2  
Show
View Real Time Build Order
Export as new Build Order

AlphaPig Zerg - Winner!

Build Orders: Pool First, Lurkers 

Get SALT Encoding   

  12  0:01  Drone  
  13  0:08  Drone  
  14  0:16  Overlord  
  14  0:25  Extractor, Drone  
  15  0:35  Drone x2  
  17  0:44  Drone  
  17  0:49  Extractor  
  17  0:56  Drone  
  18  0:57  Spawning Pool  
  17  1:06  Drone  
  18  1:16  Drone  
  19  1:25  Hatchery  
  19  1:29  Overlord  
  18  1:43  Queen  
  18  1:45  Zergling x2  
  21  1:49  Zergling x2  
  22  2:03  Drone  
  22  2:06  Metabolic Boost  
  23  2:13  Drone  
  24  2:19  Queen  
  26  2:33  Drone x2, Baneling Nest  
  27  2:39  Overlord  
  27  2:47  Drone  
  28  3:00  Drone x4  
  32  3:07  Drone x2  
  34  3:14  Drone x2  
  34  3:19  Spine Crawler  
  35  3:23  Zergling x2  
  35  3:26  Drone  
  36  3:34  Evolution Chamber  
  36  3:38  Overlord x2, Drone x2  
  36  3:39  Zergling x4  
  39  3:44  Baneling  
  39  3:45  Drone  
  40  3:51  Lair  
  40  3:54  Extractor  
  39  3:56  Drone  
  39  4:02  Drone x2  
  42  4:05  Extractor  
  41  4:11  Drone x5  
  41  4:12  Drone  
  41  4:14  Extractor  
  46  4:18  Drone  
  46  4:20  Drone  
  46  4:21  Drone  
  49  4:28  Zerg Ground Armor Level 1  
  49  4:34  Drone  
  49  4:35  Overlord  
  50  4:40  Drone x2  
  50  4:42  Overlord  
  50  4:44  Drone x2  
  54  4:53  Drone  
  54  4:54  Evolution Chamber  
  54  4:55  Roach Warren  
  54  4:58  Hydralisk Den  
  52  5:21  Overlord, Hatchery  
  51  5:35  Roach x5  
  61  5:41  Queen  
  63  5:47  Drone  
  63  5:48  Drone  
  63  5:49  Lurker Den  
  65  5:50  Glial Reconstitution  
  65  5:55  Roach x2  
  65  5:56  Roach  
  71  5:59  Zerg Missile Weapons Level 1  
  71  6:01  Hatchery  
  70  6:16  Queen  
  72  6:26  Overlord, Roach x3  
  74  6:35  Roach x4  
  74  6:38  Zerg Ground Armor Level 2  
  82  6:42  Drone  
  82  6:44  Drone  
  84  6:52  Hydralisk x4  
  92  7:05  Overlord x2  
  92  7:08  Hydralisk x3  
  92  7:11  Spore Crawler  
  97  7:16  Spore Crawler x2  
  97  7:17  Spore Crawler  
  97  7:20  Drone  
  97  7:21  Spore Crawler  
  82  7:28  Drone  
  82  7:29  Spore Crawler, Drone x2  
  78  7:42  Spore Crawler  
  71  7:48  Overlord  
  71  7:52  Drone  
  71  7:55  Spore Crawler x2  
  71  7:57  Drone  
  71  7:58  Drone x6  
  75  8:03  Muscular Augments  
  77  8:09  Spore Crawler  
  76  8:25  Queen  
  76  8:26  Queen  
  78  8:29  Drone x2  
  78  8:30  Drone x5  
  87  8:40  Zerg Missile Weapons Level 2  
  87  8:44  Hydralisk, Lurker x3  
  87  8:45  Hydralisk  
  94  9:09  Drone x3  
  94  9:10  Drone x2  
  94  9:13  Overlord x2, Extractor  
  94  9:15  Extractor  
  94  9:29  Overlord x2  
  94  9:37  Infestation Pit  
  93  9:43  Extractor, Drone  
  93  9:44  Extractor, Drone x4  
  93  9:45  Overlord x2  
  96  9:50  Drone  
  96  9:51  Drone x4  
  96  9:52  Drone  
  102  9:53  Drone  
  102  9:54  Drone x6  
  102  9:55  Drone x3  
  102  9:57  Overlord x2  
  112  10:03  Zerg Melee Weapons Level 1  
  112  10:12  Overlord x2, Hydralisk x2  
  112  10:13  Hydralisk x4  
  124  10:18  Queen  
  123  10:26  Drone x2  
  125  10:30  Extractor  
  124  10:38  Drone  
  124  10:39  Drone x2  
  125  10:42  Hydralisk  
  125  10:43  Hydralisk x4  
  125  10:44  Overlord x2  
  135  10:51  Hydralisk x3  
  135  10:52  Hydralisk x4  
  149  10:57  Overseer  
  147  11:13  Hatchery  
  120  11:26  Roach x4  
  120  11:31  Roach x5  
  136  11:35  Swarm Host, Hydralisk x2  
  136  11:36  Hydralisk x5  
  144  11:44  Hydralisk x3  
  144  11:45  Hydralisk x2  
  148  11:53  Hydralisk x2  
  148  11:54  Hydralisk x4  
  150  12:06  Lurker x2  
  150  12:13  Hydralisk x2, Lurker x3  
  150  12:14  Hydralisk x3  
  159  12:18  Drone  
  159  12:22  Unknown  
  158  12:27  Drone x4  
  158  12:28  Drone x6  
  168  12:40  Drone x2  
  168  12:42  Drone x4  
  174  12:44  Overlord  
  174  12:45  Overlord x2  
  174  12:50  Hive  
  174  13:06  Hydralisk x3  
  174  13:07  Hydralisk x3  
  186  13:15  Overseer  
  186  13:16  Overseer  
  186  13:17  Zerg Melee Weapons Level 2  
  186  13:18  Hatchery  
  185  13:29  Hydralisk x4  
  185  13:30  Hydralisk x2  
  185  13:32  Overlord x2  
  197  13:40  Hatchery  
  185  13:42  Hydralisk x2  
  168  13:49  Roach, Hydralisk  
  168  13:50  Roach x2, Hydralisk x7  
  168  13:51  Hydralisk x4  
  168  13:52  Hydralisk x2  
  156  13:56  Hydralisk x3  
  158  14:03  Extractor  
  158  14:05  Extractor  
  158  14:06  Roach x2  
  158  14:07  Lurker  
  158  14:08  Lurker x6  
  158  14:09  Lurker  
  168  14:10  Hydralisk  
  165  14:22  Hydralisk x5  
  165  14:23  Hydralisk  
  163  14:30  Lurker  
  161  14:32  Lurker x5  
  166  14:50  Unknown, Hydralisk x3, Queen  
  166  14:51  Hydralisk x7  
  166  14:52  Hydralisk  
  190  14:54  Zergling x12  
  190  14:55  Zergling x4  
  198  15:08  Zergling x2  
  198  15:09  Drone  
  190  15:25  Drone x2  
  190  15:26  Drone x3  
  190  15:27  Drone  
  191  15:29  Drone x7  
  170  15:48  Hydralisk x4  
  170  15:49  Hydralisk x4  
  184  15:54  Lurker  
  184  15:56  Lurker x4  
  191  16:00  Hydralisk x2  
  195  16:07  Zergling x8  
  195  16:46  Unknown  
Tags
 
Add a new tag
Caveats
  • Supply blocks, unpowered buildings, or Contaminate may cause inaccurate times.
  • Supply counts are checked every 10 seconds.